cohdb
Replays
Latest Replays
All Replays
Popular Replays
Top Player Replays
Match Explorer
How It Works
Community
CoH3 Stats
Reddit
Sign in to upload your games and track your stats! →
Sign in with Steam
Match 33701018
Unlisted
Match 33701018
Overview
Messages
Build Orders
End
Construct Barracks
Selects Advanced Infantry Battlegroup
Riflemen Squad
Riflemen Squad
Riflemen Squad
Infantry Support Center
Selects Convert to Ranger Squad
Convert to Ranger Squad
Advanced Logistics
Construct Motor Pool
Grenade Package
M8 Greyhound Armored Car
Selects Designate Assault Position
Convert to Ranger Squad
M1 Anti-tank Gun Team
Engineer Squad
Selects Infantry Assault
M24 Chaffee Light Tank
Tigerace2018
Captain Krautwurst
matrix4x4
Wolfman
fmateka05
flevi1
0
0
Comments
sign in to comment!
No comments posted yet!